 Dungeon Crawl Stone Soup version 0.25-a0-589-g1e14c549ee (webtiles) character file.

Game seed: 2956690530001437354, levelgen mode: deterministic

35028 Flugslaktarn the Cleaver (level 13, -10/121 HPs)
             Began as a Deep Dwarf Fighter on Mar 13, 2020.
             Was an Elder of Makhleb.
             Killed by divine providence
             ... invoked by an orc priest
              (13 damage)
             ... on level 14 of the Dungeon.
             The game lasted 00:09:26 (11433 turns).

Flugslaktarn the Cleaver (Deep Dwarf Fighter)      Turns: 11433, Time: 00:09:27

Health: -10/121    AC: 34    Str: 23    XL:     13   Next: 45%
Magic:  10/10      EV:  4    Int: 11    God:    Makhleb [****..]
Gold:   426        SH: 12    Dex: 12    Spells: 12/12 levels left

rFire    + + .     SeeInvis +   a - +1 war axe
rCold    + . .     Gourm    .   c - +0 kite shield
rNeg     . . .     Faith    .   J - +9 scales of the Dragon King {rPois rF+ rC+ MR+}
rPois    +         Spirit   .   D - +0 helmet
rElec    .         Reflect  .   P - +0 cloak
rCorr    .         Harm     .   K - +0 pair of gloves
MR       ++...                  k - +1 pair of boots
Stlth    ..........             (no amulet)
HPRegen  0.00/turn              i - ring of see invisible
MPRegen  0.12/turn              f - ring of protection from fire

@: non-regenerating
A: damage resistance, heal wounds, sense surroundings 2, no regeneration
a: Heal Wounds, Minor Destruction, Lesser Servant of Makhleb, Major Destruction,
Renounce Religion


You were on level 14 of the Dungeon.
You worshipped Makhleb.
Makhleb was greatly pleased with you.
You were hungry.

You visited 2 branches of the dungeon, and saw 15 of its levels.

You collected 810 gold pieces.
You spent 384 gold pieces at shops.

Inventory:

Hand Weapons
 a - a +1 war axe (weapon)
Missiles
 s - a throwing net (quivered)
Armour
 c - a +0 kite shield (worn)
 d - a +2 tower shield
   (You took it off Louise on level 14 of the Dungeon)
 g - a +0 plate armour
   (You found it on level 5 of the Dungeon)
 k - a +1 pair of boots (worn)
   (You found it on level 3 of the Dungeon)
 D - a +0 helmet (worn)
   (You found it on level 5 of the Dungeon)
 G - a scarf of resistance
   (You bought it in a shop on level 13 of the Dungeon)
 J - the +9 scales of the Dragon King (worn) {rPois rF+ rC+ MR+}
   (You found it on level 8 of the Dungeon)

   It protects you from fire.
   It protects you from cold.
   It protects you from poison.
   It affects your resistance to hostile enchantments.
 K - a +0 pair of gloves (worn)
   (You found it on level 8 of the Dungeon)
 P - a +0 cloak (worn)
   (You found it on level 9 of the Dungeon)
Jewellery
 f - a ring of protection from fire (right hand)
   (You found it on level 4 of the Dungeon)
 i - a ring of see invisible (left hand)
   (You found it on level 10 of the Dungeon)
 I - an uncursed ring of flight
   (You found it on level 2 of the Dungeon)
Wands
 b - a wand of iceblast (13)
   (You found it on level 9 of the Dungeon)
 v - a wand of digging (3)
   (You found it on level 12 of the Dungeon)
 y - a wand of paralysis (11)
   (You found it on level 14 of the Dungeon)
 M - a wand of acid (4)
   (You found it on level 11 of the Dungeon)
 O - a wand of enslavement (13)
   (You found it on level 14 of the Dungeon)
Scrolls
 h - 3 scrolls of fog
 l - a scroll of magic mapping
 r - 2 scrolls of identify
 t - 4 scrolls of teleportation
 x - 8 scrolls of remove curse
 z - 6 scrolls of blinking
 B - a scroll of silence {unknown}
 E - a scroll of enchant weapon
 F - 2 scrolls of enchant armour
 H - 3 scrolls of brand weapon {unknown}
Potions
 j - a potion of brilliance
 m - 4 potions of ambrosia
 n - a potion of resistance
 o - 3 potions of stabbing
 p - 3 potions of mutation
 q - 8 potions of curing
 u - a potion of cancellation {unknown}
 w - 2 potions of heal wounds
 C - 2 potions of lignification
 L - 2 potions of haste {unknown}
 N - 2 potions of flight
Comestibles
 e - 30 rations
 A - a chunk of flesh


   Skills:
 + Level 9.5 Fighting
 * Level 14.7 Axes
 + Level 11.1 Armour
 + Level 11.2 Shields
 * Level 10.7 Invocations


You had 12 spell levels left.
You didn't know any spells.
Your spell library was empty.

Dungeon Overview and Level Annotations

Branches:
Dungeon (14/15)            Temple (1/1) D:4            Lair (0/6) D:8
    Orc (0/2) D:11         Vaults (0/5) D:13

Altars:
Ashenzari
Cheibriados
Dithmenos
Elyvilon
Fedhas
Gozag
Hepliaklqana
Kikubaaqudgha
Makhleb
Nemelex Xobeh
Okawaru
Qazlal
Ru
Sif Muna
Trog
Uskayaw
Vehumet
Wu Jian
Xom
Yredelemnul
Zin
The Shining One

Shops:
D:9 *   D:13 :[   D:14 *

Annotations:
D:4 exclusion: door
D:9 2 transporters
D:11 2 runed translucent doors, exclusions: downstairs and 2 orc priests, EtherCrawl's ghost, journeyman HOBe


Innate Abilities, Weirdness & Mutations

You are resistant to damage.
You can heal yourself by infusing magical energy.
You passively map the area around you.
You do not regenerate.


Message History

Your ufetubus barely misses the 18-headed hydra. x2
The 18-headed hydra bites you but does no damage. x2
You block the 18-headed hydra's attack.
The 18-headed hydra bites you but does no damage.
You block the 18-headed hydra's attack.
The 18-headed hydra bites you but does no damage.
You block the 18-headed hydra's attack. The 18-headed hydra bites you. x2
* * * LOW HITPOINT WARNING * * *
The 18-headed hydra bites you but does no damage. x2
The 18-headed hydra bites you!
* * * LOW HITPOINT WARNING * * *
The 18-headed hydra barely misses you.
The 18-headed hydra bites you but does no damage.
You block the 18-headed hydra's attack.
The 18-headed hydra bites you but does no damage.
The 18-headed hydra barely misses you.
The 18-headed hydra bites you but does no damage.
The orc priest invokes the aid of Beogh against you.
Beogh smites you!
You die...

* #..o...%.., , , , ,, *
.....o...# , ** ** * *
....?.o..# * # * ,
......!..# .# ** #***
*.......55# #.# *, .
......55.#*#..# * #** * ,
,......5.3# ... *** ,, . ,
, *##....5#3##.###..#** .,
......5@D5........, ,, #
##########5..........
#######..............######
* ........##............#*
#########..............#
#..............#
#..............#
#..............#
#..............#


You could see a 18-headed hydra, 2 orc priests, a friendly neqoxec, a friendly
ynoxinul, a friendly shadow imp and 6 friendly ufetubi.

Vanquished Creatures
  Louise (D:14)
  A death knight (D:12)
  2 catoblepae (D:13)
  A vault guard (D:13)
  4 hydras
  2 centaur warriors
  4 two-headed ogres
  4 skeletal warriors
  An unseen horror (D:12)
  A wolf spider zombie (D:12)
  A phantasmal warrior (D:12)
  An ugly thing (D:13)
  A manticore (D:11)
  A gargoyle (D:12)
  An efreet (D:12)
  2 freezing wraiths (D:12)
  A redback zombie (D:13)
  4 trolls
  3 tengu conjurers (D:13)
  Prince Ribbit (D:5)
  6 hippogriffs
  2 slime creatures (D:12)
  A shadow (D:13)
  A water elemental (D:11)
  22 yaks
  3 wyverns
  3 basilisks
  Eustachio (D:5)
  4 vampire mosquitoes (D:12)
  A hungry ghost (D:13)
  Grum (D:9)
  Menkaure (D:4)
  3 acid dragons (D:13)
  3 water moccasins
  3 porcupines (D:8)
  A soldier ant (D:11)
  10 orc warriors
  2 black bears
  3 phantoms
  3 ice beasts
  3 sky beasts
  7 ogres
  2 necrophages
  9 centaurs
  2 crocodiles (D:8)
  2 wolves (D:9)
  3 big kobolds
  4 gnoll sergeants
  2 wyvern zombies
  6 bullfrogs
  2 wyvern skeletons
  3 earth elementals (D:14)
  7 scorpions
  12 killer bees (D:13)
  2 howler monkeys (D:13)
  4 wights (D:11)
  3 electric eels (D:11)
  7 crimson imps
  A quasit (D:9)
  A bullfrog zombie (D:12)
  3 jellies
  4 bullfrog skeletons
  6 hounds
  A wyvern simulacrum (D:13)
  5 centaur skeletons
  8 orc priests
  11 orc wizards
  Natasha (twice) (D:4)
  5 iguanas
  9 worker ants
  A hound skeleton (D:4)
  A hound zombie (D:5)
  2 worker ant zombies
  11 gnolls
  12 adders
  3 shadow imps
  An ooze (D:5)
  4 worms
  A dart slug (D:1)
  5 leopard geckos
  42 orcs
  7 giant cockroaches
  9 goblins
  14 hobgoblins
  8 jackals
  20 kobolds
  5 quokkas
  A ball python (D:3)
  9 bats
  6 frilled lizards
  2 gnoll zombies (D:8)
  A jackal skeleton (D:7)
  2 leopard gecko skeletons (D:6)
  9 rats
423 creatures vanquished.

Vanquished Creatures (collateral kills)
  A hippogriff (D:14)
1 creature vanquished.

Vanquished Creatures (others)
  A cyclops (D:13)
  A plant (D:8)
2 creatures vanquished.

Grand Total: 426 creatures vanquished

Notes
Turn   | Place    | Note
-------+----------+-------------------------------------------
     0 | D:1      | Flugslaktarn the Deep Dwarf Fighter began the quest for the
                  | Orb.
     0 | D:1      | Reached XP level 1. HP: 20/20 MP: 1/1
   120 | D:1      | Reached XP level 2. HP: 20/27 MP: 2/2
   525 | D:2      | Found an ancient bone altar of Kikubaaqudgha.
   541 | D:2      | Reached skill level 3 in Axes
   541 | D:2      | Reached XP level 3. HP: 25/34 MP: 3/3
   582 | D:3      | Noticed a phantom
   590 | D:3      | Reached XP level 4. HP: 30/42 MP: 4/4
   625 | D:3      | Killed a phantom
   625 | D:3      | Reached skill level 4 in Axes
   625 | D:3      | Reached XP level 5. HP: 35/49 MP: 5/5
   772 | D:4      | Found a staircase to the Ecumenical Temple.
   780 | Temple   | Entered the Ecumenical Temple
  1038 | D:4      | Noticed Menkaure
  1048 | D:4      | Killed Menkaure
  1048 | D:4      | Reached XP level 6. HP: 37/57 MP: 6/6
  1064 | D:4      | Reached skill level 5 in Axes
  1198 | D:4      | Found a shimmering blue altar of Sif Muna.
  1256 | D:4      | Noticed Natasha
  1267 | D:4      | Killed Natasha
  1274 | D:4      | Reached XP level 7. HP: 41/64 MP: 5/5
  1416 | D:4      | Reached skill level 5 in Armour
  1421 | D:4      | Reached skill level 5 in Shields
  1500 | D:4      | Noticed Natasha
  1516 | D:4      | Killed Natasha
  1520 | D:5      | Entered Level 5 of the Dungeon
  1559 | D:5      | Reached skill level 6 in Axes
  1732 | D:5      | Noticed Eustachio
  1757 | D:5      | Killed Eustachio
  1988 | D:5      | Reached XP level 8. HP: 60/73 MP: 6/6
  2069 | D:5      | Found a shimmering altar of Xom.
  2303 | D:6      | Reached skill level 7 in Axes
  2450 | D:6      | Reached skill level 5 in Fighting
  3096 | D:7      | Reached skill level 8 in Axes
  3154 | D:7      | Noticed a hippogriff
  3166 | D:7      | Killed a hippogriff
  3180 | D:7      | Noticed a hippogriff
  3196 | D:7      | Gained mutation: You passively map the area around you.
                  | [Deep Dwarf growth]
  3196 | D:7      | Reached XP level 9. HP: 46/81 MP: 7/7
  3373 | D:7      | Reached skill level 9 in Axes
  3403 | D:7      | Found a shimmering altar of Xom.
  3819 | D:7      | Found a hazy altar of Hepliaklqana.
  3971 | D:5      | Noticed Prince Ribbit
  4002 | D:5      | Killed Prince Ribbit
  5472 | D:8      | Reached skill level 10 in Axes
  5510 | D:8      | Reached XP level 10. HP: 39/92 MP: 5/5
  5608 | D:8      | Found a staircase to the Lair.
  5640 | D:8      | Found the +9 scales of the Dragon King {rPois rF+ rC+ MR+}
  5686 | D:8      | Found a stormy altar of Qazlal.
  5915 | D:8      | Found a basalt altar of Yredelemnul.
  6145 | D:8      | Found a sand-covered staircase.
  6295 | D:9      | Noticed Grum
  6299 | D:9      | Noticed a two-headed ogre
  6306 | D:9      | Killed Grum
  6306 | D:9      | Reached skill level 11 in Axes
  6325 | D:9      | Killed a two-headed ogre
  6399 | D:9      | Found a transporter.
  6401 | D:9      | You fall into a shaft and drop 2 floors!
  6481 | D:11     | Found a large runed translucent door.
  6481 | D:11     | Found a large runed translucent door.
  6767 | D:11     | Noticed EtherCrawl's ghost (journeyman HOBe)
  6892 | D:11     | Noticed a manticore
  6932 | D:11     | Killed a manticore
  6964 | D:11     | Reached XP level 11. HP: 24/100 MP: 4/4
  7392 | D:11     | Found a staircase to the Orcish Mines.
  7602 | D:10     | Entered Level 10 of the Dungeon
  7717 | D:10     | Noticed a two-headed ogre
  7726 | D:10     | Killed a two-headed ogre
  7726 | D:10     | Reached skill level 12 in Axes
  8188 | D:9      | Found a transporter.
  8417 | D:9      | Found a blossoming altar of Fedhas.
  8430 | D:9      | Found a burning altar of Makhleb.
  8551 | D:9      | Became a worshipper of Makhleb the Destroyer
  8662 | D:9      | Reached skill level 1 in Invocations
  8750 | D:9      | Found Gozag's Platinum Reserve.
  8754 | D:9      | Found an opulent altar of Gozag.
  8996 | D:12     | Noticed a two-headed ogre
  9020 | D:12     | Killed a two-headed ogre
  9061 | D:12     | Noticed a four-headed hydra
  9072 | D:12     | Killed a four-headed hydra
  9072 | D:12     | Reached * piety under Makhleb
  9194 | D:12     | Reached skill level 5 in Invocations
  9572 | D:12     | Noticed a centaur warrior
  9583 | D:12     | Reached skill level 13 in Axes
  9587 | D:12     | Killed a centaur warrior
  9587 | D:12     | Reached skill level 10 in Shields
  9591 | D:12     | Reached skill level 10 in Armour
  9591 | D:12     | Reached XP level 12. HP: 64/112 MP: 4/6
  9612 | D:12     | Noticed a death knight
  9657 | D:12     | Killed a death knight
  9744 | D:12     | Reached ** piety under Makhleb
 10088 | D:13     | Found Quemp's Armour Shoppe.
 10257 | D:13     | Bought a scarf of resistance for 384 gold pieces
 10323 | D:13     | Reached *** piety under Makhleb
 10517 | D:13     | Noticed a two-headed ogre
 10525 | D:13     | Noticed a catoblepas
 10545 | D:13     | Killed a two-headed ogre
 10557 | D:13     | Reached skill level 14 in Axes
 10573 | D:13     | Killed a catoblepas
 10594 | D:13     | Noticed a centaur warrior
 10621 | D:13     | Killed a centaur warrior
 10673 | D:13     | Noticed a vault guard
 10700 | D:13     | Killed a vault guard
 10700 | D:13     | Reached XP level 13. HP: 71/121 MP: 8/10
 10751 | D:13     | Found a gate to the Vaults.
 10830 | D:13     | Found Zooxaits's Book Emporium.
 11100 | D:14     | Found Seyxty Uguf's Pet Rocks.
 11111 | D:14     | Reached **** piety under Makhleb
 11154 | D:14     | Noticed Louise
 11168 | D:14     | Reached skill level 10 in Invocations
 11281 | D:14     | Killed Louise
 11433 | D:14     | HP: 3/121 [18-headed hydra (5)]
 11433 | D:14     | Killed from afar by an orc priest

Levels and vault maps discovered:
D:1:      minmay_arrival_three_doors, layout_loops_corners
D:2:      minmay_inner_zag, layout_basic, lemuel_crystal_altar, serial_rivers,
          chequers_serial_rivers_small_3, chequers_serial_rivers_micro_e,
          chequers_serial_rivers_small_b, chequers_serial_rivers_large_a,
          chequers_serial_rivers_marsh, chequers_serial_rivers_micro_e,
          minmay_indecisive_spiral
D:3:      layout_loops_cross
D:4:      layout_cave_pools, led_sif_book, minmay_temple_entry_arrows,
          serial_column_ruins, column_ruins_columns_dead_end,
          column_ruins_open_small, column_ruins_grid_3, column_ruins_grid_1,
          column_ruins_grid_1, column_ruins_open_medium_water, first_ration,
          fountainhead, uniq_natasha, uniq_menkaure
D:5:      layout_basic, xom_confusion_cloud, uniq_eustachio, uniq_prince_ribbit1
D:6:      layout_basic
D:7:      layout_basic, lemuel_coloured_pillars_altar, basic_altar,
          grunt_ogre_cave, minmay_misc_feat_encased, eino_tiny_chamber,
          minmay_unpleasant_kobolds
D:8:      layout_loops_ring, lemuel_zombie_altar_yredelemnul,
          nicolae_qazlal_general_emergency, minmay_lair_entry_grove,
          enter_ossuary_5
D:9:      gammafunk_steamed_eel, layout_irregular_city,
          nicolae_gozag_zags_fifth_avenue, amethyst_overflow_temple_binary,
          enter_bailey_3, uniq_grum
D:10:     layout_gridville
D:11:     layout_basic, erik_orc_2, ebering_ghost_disaster_area
D:12:     minmay_box_of_statues, layout_loops_ring
D:13:     layout_basic, david_vaults_5, serial_shops, shop,
          nicolae_shop_competitors_out_of_business, kennysheep_generic_room_16
D:14:     layout_rooms, kennysheep_another_room, guppyfry_shop_earth,
          uniq_louise
Temple:   eino_temple_water

Skill      XL: |  1  2  3  4  5  6  7  8  9 10 11 12 13 |
---------------+----------------------------------------+-----
Fighting       | 3 4 5 6 7 8 9 |  9.5
Axes           | 3 4 5 6 8 10 11 13 14 | 14.7
Armour         | 4 5 6 7 9 10 11 | 11.1
Shields        | 4 5 6 7 9 10 11 | 11.2
Invocations    | 5 9 10 | 10.7

Action                   |  1- 3 |  4- 6 |  7- 9 | 10-12 | 13-15 || total
-------------------------+-------+-------+-------+-------+-------++-------
Melee: War axe           |   100 |    74 |   576 |  1184 |   274 ||  2208
Invok: Lesser Servant of |       |       |       |       |     4 ||     4
 Abil: Heal Wounds       |     2 |     7 |    13 |    34 |     6 ||    62
Evoke: Wand              |       |       |       |     9 |     8 ||    17
  Use: Scroll            |       |       |     7 |    14 |       ||    21
       Potion            |       |       |       |     3 |     1 ||     4
 Stab: Petrified         |       |       |       |     8 |       ||     8
  Eat: Chunk             |       |       |    16 |    19 |     5 ||    40
Armor: Scale mail        |    44 |    32 |    26 |       |       ||   102
       Plate armour      |       |       |   354 |    25 |       ||   379
       Gold dragon scale |       |       |       |   798 |   259 ||  1057
Dodge: Dodged            |    32 |    20 |   113 |   155 |    50 ||   370
Block: Kite shield       |    46 |    40 |   359 |   741 |   179 ||  1365

Table legend:
 A = Non-vault XP
 B = Vault XP
 C = Vault XP percentage of total XP
 D = Non-vault monster count
 E = Vault monster count
 F = Vault count percentage of total count
                 A         B        C        D         E       F
            +---------+---------+-------+---------+---------+-------
      Total |   37328 |   12712 |  25.4 |     324 |     101 |  23.8
            +---------+---------+-------+---------+---------+-------
        D:1 |      26 |       0 |   0.0 |      16 |       0 |   0.0
        D:2 |      66 |      45 |  40.5 |      22 |      11 |  33.3
        D:3 |     389 |       0 |   0.0 |      37 |       0 |   0.0
        D:4 |     396 |     206 |  34.2 |      12 |       2 |  14.3
        D:5 |     336 |     525 |  61.0 |      15 |       4 |  21.1
        D:6 |     850 |       0 |   0.0 |      19 |       0 |   0.0
        D:7 |    1446 |     223 |  13.4 |      20 |       7 |  25.9
        D:8 |    1276 |    1933 |  60.2 |      17 |      14 |  45.2
        D:9 |    3578 |     416 |  10.4 |      32 |       7 |  17.9
       D:10 |    1218 |       0 |   0.0 |      10 |       0 |   0.0
       D:11 |    1830 |     710 |  28.0 |      25 |      19 |  43.2
       D:12 |   10053 |    3586 |  26.3 |      39 |      21 |  35.0
       D:13 |    9858 |    2783 |  22.0 |      47 |      10 |  17.5
       D:14 |    6006 |    2285 |  27.6 |      13 |       6 |  31.6
            +---------+---------+-------+---------+---------+-------
